 Dungeon Crawl Stone Soup version 0.26.0-20-g3ca415f5b8 (webtiles) character file.

Game seed: 17169314027459544305

436 Marvel the Sneak (level 6, -7/28 HPs)
             Began as a Spriggan Enchanter on Jan 25, 2021.
             Killed by divine providence
             ... invoked by an orc priest
              (13 damage)
             ... on level 5 of the Dungeon.
             The game lasted 00:15:37 (4872 turns).

Marvel the Sneak (Spriggan Enchanter)               Turns: 4872, Time: 00:15:38

Health: -7/28      AC:  2    Str:  4    XL:     6   Next: 68%
Magic:  21/21      EV: 18    Int: 19    God:
Gold:   145        SH:  0    Dex: 16    Spells: 6/12 levels left

rFire    . . .     SeeInvis +   s - +1 dagger (drain)
rCold    . . .     Faith    .   (shield restricted)
rNeg     . . .     Spirit   .   b - +0 robe
rPois    .         Reflect  .   (helmet restricted)
rElec    .         Harm     .   (no cloak)
rCorr    .         Rampage  .   (gloves unavailable)
Will     +....                  (boots unavailable)
Stlth    ++++......             r - amulet of regeneration
HPRegen  0.49/turn              p - ring of magical power
MPRegen  0.17/turn              (no ring)

@: very quick
A: very small, unfitting armour, see invisible, speed 3
a: no special abilities


You were on level 5 of the Dungeon.
You visited 1 branch of the dungeon, and saw 5 of its levels.

You collected 145 gold pieces.

Inventory:

Hand Weapons
 a - a +1 dagger
 s - a +1 dagger of draining (weapon)
Missiles
 c - 34 poisoned darts (quivered)
 t - a throwing net
Armour
 b - a +0 robe (worn)
Jewellery
 p - a ring of magical power (left hand)
 r - an amulet of regeneration (around neck)
Scrolls
 d - 6 scrolls of identify {unknown}
 f - a scroll of remove curse
 h - a scroll of enchant weapon {unknown}
 i - a scroll of amnesia {unknown}
 l - a scroll of teleportation {unknown}
 n - a scroll of fog {unknown}
 o - a scroll of magic mapping {unknown}
 q - 2 scrolls of enchant armour {unknown}
 u - a scroll of fear {unknown}
Potions
 e - 3 potions of curing
 j - a potion of heal wounds {unknown}
 k - a potion of magic {unknown}
 m - 2 potions of degeneration {unknown}


   Skills:
 + Level 0.2 Fighting
 - Level 2.0 Short Blades
 - Level 4.0 Throwing
 + Level 3.1 Dodging
 + Level 7.0 Stealth
 + Level 3.8 Spellcasting
 + Level 4.8 Hexes
 + Level 0.9 Ice Magic


You had 6 spell levels left.
You knew the following spells:

 Your Spells              Type           Power        Failure   Level
a - Corona                Hex            24%          1%          1
b - Ensorcelled Hibernat  Hex/Ice        28%          6%          2
c - Confusing Touch       Hex            22%          5%          3

Your spell library contained the following spells:

 Spells                   Type           Power        Failure   Level
 Tukima's Dance           Hex            22%          5%          3
 Dazzling Flash           Conj/Hex       24%          16%         3


Dungeon Overview and Level Annotations

Branches:
Dungeon (5/15)
 Temple: D:4-7

Altars:
Ru
Trog
Uskayaw

Annotations:
D:3 Ijyb
D:4 2 runed translucent doors, Menkaure; happy's ghost, novice FoIE


Innate Abilities, Weirdness & Mutations

You are very small and have problems with some larger weapons.
You are too small for most types of armour.
You have supernaturally acute eyesight. (SInv)
You cover ground extremely quickly.


Message History

The orc zaps a wand.
You resist with almost no effort. The white imp gestures at you.
The puff of frost hits you!
An orc priest comes into view. It is wielding a +0 mace.
The orc priest shouts!
The white imp hits you but does no damage.
You can move again.
As you read the scroll labelled FONYKH POKHLUIC, it crumbles to dust.
You feel blessed for a moment.
It was a scroll of remove curse.
An orc wizard comes into view. It is wielding a +0 trident.
The white imp gestures at you. The puff of frost hits you!
* * * LOW HITPOINT WARNING * * *
As you read the scroll labelled REOFEOLU DOLOS, it crumbles to dust.
You hear a loud clanging noise!
It was a scroll of noise.
You hear a shout! x3
The orc priest invokes the aid of Beogh against you.
Beogh smites you!
You die...

## .. #. ####.# ......
###...##############
##......55@.........## #
.........##########..######
#.....o.# ≈≈..≈≈...≈..#≈
#.#..o### ≈≈≈≈≈≈≈≈≈≈≈≈≈≈
...o).. ≈≈≈≈≈≈≈≈≈≈≈.≈≈
......# ≈≈≈≈.≈≈≈≈≈≈≈≈≈
##.#(. ≈≈≈≈≈≈≈.≈≈≈≈≈≈ $.
#.. ≈#.......≈.≈.. 5 ..
#####..######


You could see an orc priest, an orc wizard, a white imp, an orc and an ufetubus.

Vanquished Creatures
  2 scorpions
  A hound (D:4)
  An orc wizard (D:4)
  Terence (D:3)
  3 worker ants (D:4)
  3 gnolls (D:4)
  5 adders
  2 howler monkey skeletons (D:4)
  A worm (D:4)
  3 leopard geckos
  11 orcs
  5 giant cockroaches
  4 goblins
  7 hobgoblins
  7 jackals
  A quokka (D:2)
  8 bats
  3 frilled lizards
  A jackal skeleton (D:5)
  8 kobolds
  6 rats
83 creatures vanquished.

Notes
Turn   | Place    | Note
-------+----------+-------------------------------------------
     0 | D:1      | Marvel the Spriggan Enchanter began the quest for the Orb.
     0 | D:1      | Reached XP level 1. HP: 9/9 MP: 5/5
   314 | D:1      | Reached XP level 2. HP: 11/13 MP: 6/6
   317 | D:1      | Learned a level 2 spell: Ensorcelled Hibernation
   549 | D:1      | Reached skill level 5 in Stealth
  1035 | D:2      | Reached XP level 3. HP: 7/16 MP: 4/8
  1510 | D:2      | Reached skill level 1 in Throwing
  1990 | D:2      | Learned a level 3 spell: Confusing Touch
  2469 | D:3      | Noticed Ijyb
  2547 | D:3      | Noticed Terence
  2576 | D:3      | Killed Terence
  2577 | D:3      | Reached XP level 4. HP: 21/21 MP: 9/9
  2654 | D:3      | Found a hide-covered altar of Uskayaw.
  3480 | D:4      | Reached XP level 5. HP: 24/24 MP: 10/10
  3659 | D:4      | Reached skill level 6 in Stealth
  3709 | D:4      | Found a runed translucent door.
  3721 | D:4      | Noticed Menkaure
  4064 | D:4      | Reached XP level 6. HP: 28/28 MP: 12/12
  4245 | D:4      | Found a bloodstained altar of Trog.
  4449 | D:4      | Found a runed translucent door.
  4451 | D:4      | Noticed happy's ghost (novice FoIE)
  4703 | D:4      | Found a sacrificial altar of Ru.
  4760 | D:5      | Entered Level 5 of the Dungeon
  4802 | D:5      | Reached skill level 7 in Stealth
  4864 | D:5      | Paralysed by an orc for 5 turns
  4872 | D:5      | Killed from afar by an orc priest

Illustrated notes

Levels and vault maps discovered:
D:1:      minmay_arrival_glassed_features, layout_loops_ring
D:2:      layout_basic
D:3:      layout_basic, nicolae_overflow_crystal_walls, uniq_terence, uniq_ijyb
D:4:      layout_gridville, kennysheep_mini, ebering_ghost_sewer_f,
          nicolae_ru_path_of_blood, uniq_menkaure
D:5:      layout_loops_cross, kiku_gazebo_garden_becter,
          gammafunk_temple_overflow_statue, chequers_serial_rivers_large_a

Skill      XL: |  1  2  3  4  5  6 |
---------------+-------------------+-----
Stealth        | 5 6 7 |  7.0
Spellcasting   | 3 |  3.8
Hexes          | 4 |  4.8
Throwing       | 2 3 4 |  4.0
Short Blades   | 2 |  2.0
Fighting       | |  0.2
Dodging        | |  3.1
Ice Magic      | |  0.9

Action                   |  1- 3 |  4- 6 || total
-------------------------+-------+-------++-------
Melee: Dagger            |    68 |    62 ||   130
Throw: Dart              |    56 |    79 ||   135
 Cast: Ensorcelled Hiber |    29 |    30 ||    59
       Corona            |       |     4 ||     4
  Use: Potion            |     1 |       ||     1
       Scroll            |       |     2 ||     2
 Stab: Sleeping          |    26 |    23 ||    49
       Distracted        |       |     2 ||     2
Armor: Robe              |    11 |     2 ||    13
Dodge: Dodged            |    69 |    44 ||   113
